 Dungeon Crawl Stone Soup version 0.31-a0-960-g0fca184906 (webtiles) character file.

Game seed: 3100940591023851498

154 BinkBink the Sneak (level 5, -5/24 HPs)
             Began as a Spriggan Enchanter on Oct 23, 2023.
             Slain by Menkaure (22 damage)
             ... on level 4 of the Dungeon.
             The game lasted 00:03:52 (2396 turns).

BinkBink the Sneak (Spriggan Enchanter)             Turns: 2396, Time: 00:03:52

Health: -5/24      AC:  2    Str:  4    XL:     5   Next: 13%
Magic:  11/11      EV: 18    Int: 17    God:
Gold:   199        SH:  0    Dex: 17    Spells: 11/11 levels left

rFire   . . .        d - +2 short sword (drain)
rCold   . . .        (no shield)
rNeg    . . .        b - +0 robe
rPois   .            (helmet restricted)
rElec   .            (no cloak)
rCorr   .            (gloves unavailable)
SInv    +            (boots unavailable)
Will    .....        (no amulet)
Stlth   +++          (no ring)
HPRegen 0.24/turn    (no ring)
MPRegen 0.12/turn

%: no passive effects
@: very quick
A: very small, no large weapons, unfitting armour, see invisible, speed 3
a: no special abilities


You were on level 4 of the Dungeon.
You visited 1 branch of the dungeon, and saw 4 of its levels.

You collected 199 gold pieces.

Inventory:

Hand Weapons
 d - a +2 short sword of draining (weapon)
Armour
 b - a +0 robe (worn)
Scrolls
 g - 5 scrolls of identify {unknown}
 i - a scroll of immolation {unknown}
 j - 2 scrolls of noise {unknown}
Potions
 a - 4 potions of might {unknown}
 c - 2 potions of invisibility
 e - 2 potions of resistance {unknown}
 f - a potion of degeneration {unknown}
 h - a potion of haste {unknown}
 k - a potion of berserk rage {unknown}
 l - a potion of heal wounds {unknown}
 m - a potion of cancellation {unknown}
 n - 2 potions of brilliance {unknown}


   Skills:
 + Level 2.5 Short Blades
 + Level 3.9 Dodging
 + Level 5.6 Stealth
 + Level 3.8 Spellcasting
 + Level 4.5 Hexes


You had 11 spell levels left.
You didn't know any spells.
Your spell library contained the following spells:

 Spells                   Type           Power      Damage    Failure   Level
 Jinxbite                 Hex            36%        N/A       3%          2
 Confusing Touch          Hex            18%        N/A       8%          3
 Tukima's Dance           Hex            18%        N/A       8%          3
 Ensorcelled Hibernation  Hex/Ice        20%        N/A       10%         2
 Dazzling Flash           Conj/Hex       20%        N/A       19%         3
 Poisonous Vapours        Pois/Air       6%         N/A       24%         2
 Mephitic Cloud           Conj/Pois/Air  3%         N/A       43%         3
 Anguish                  Hex/Necr       5%         N/A       54%         4
 Freezing Cloud           Conj/Ice/Air   1%         6-21      99%         5


Dungeon Overview and Level Annotations

Branches:
Dungeon (4/15)
 Temple: D:4-7

Altars:
Elyvilon

Annotations:
D:4 Menkaure


Innate Abilities, Weirdness & Mutations

You are very small and have problems with some larger weapons.
You are too small for most types of armour.
You have supernaturally acute eyesight. (SInv)
You cover ground extremely quickly. (Speed+++)


Message History

Menkaure shouts!
Menkaure misses you.
You see here a scroll labelled OMIUTY OJEGA.
You hit Menkaure.
Menkaure is lightly damaged.
You hit Menkaure.
Menkaure is lightly damaged.
Menkaure closely misses you.
You hit Menkaure.
Menkaure is moderately damaged.
Menkaure mumbles some strange words.
Menkaure seems to speed up.
You hit Menkaure.
Menkaure is moderately damaged.
Menkaure casts a spell at you. Pain shoots through your body!
You hit Menkaure.
Menkaure is heavily damaged.
Menkaure closely misses you.
You hit Menkaure.
Menkaure is heavily damaged.
Menkaure mumbles a few words.
Menkaure barely misses you.
You hit Menkaure but do no damage.
Menkaure is heavily damaged.
Menkaure closely misses you.
You hit Menkaure.
Menkaure is heavily damaged.
Menkaure closely misses you.
You barely miss Menkaure.
Menkaure is heavily damaged.
Menkaure barely misses you.
You hit Menkaure but do no damage.
Menkaure is heavily damaged.
Menkaure closely misses you.
You hit Menkaure.
Menkaure is severely damaged.
Menkaure hits you!!
Ouch! That really hurt!
You die...

## .. ######## #.#
#......# #.##
#.####@#
#..########.####M#
........)......#.#
.....######.##.#.#
#...## #.# #.#
#..## #.# #.# ...#
#.. ..# ##.# ###
### ##'##


You could see Menkaure (fast).

Vanquished Creatures
  A sleepcap (D:3)
  3 gnolls (D:2)
  4 adders
  A dart slug (D:1)
  5 orcs (D:3)
  3 endoplasms
  2 giant cockroaches
  4 goblins
  5 hobgoblins
  2 jackals (D:3)
  A quokka (D:3)
  6 ball pythons
  4 bats
  A frilled lizard (D:2)
  8 kobolds
  7 rats
57 creatures vanquished.

Vanquished Creatures (others)
  A butterfly (D:3)
1 creature vanquished.

Grand Total: 58 creatures vanquished

Notes
Turn   | Place    | Note
-------+----------+-------------------------------------------
     0 | D:1      | BinkBink the Spriggan Enchanter began the quest for the
                  | Orb.
     0 | D:1      | Reached XP level 1. HP: 9/9 MP: 5/5
    62 | D:1      | Found a faded altar of an unknown god.
   161 | D:1      | Reached XP level 2. HP: 13/13 MP: 6/6
   499 | D:2      | Reached XP level 3. HP: 15/16 MP: 8/8
   682 | D:2      | Reached skill level 5 in Stealth
  1128 | D:2      | Reached XP level 4. HP: 21/21 MP: 10/10
  1761 | D:3      | Found the +18 Lear's hauberk
  1813 | D:3      | Found a white marble altar of Elyvilon.
  2329 | D:4      | Reached XP level 5. HP: 24/24 MP: 11/11
  2384 | D:4      | Noticed Menkaure
  2396 | D:4      | Slain by Menkaure

Illustrated notes

Levels and vault maps discovered:
D:1:      minmay_arrival_solitary_statue, layout_rooms,
          shapermc_ecumenical_altar_gd
D:2:      layout_basic
D:3:      layout_basic, nicolae_elyvilon_peaceful_grove
D:4:      layout_loops_corners, uniq_menkaure

Skill      XL: |  1  2  3 |
---------------+----------+-----
Dodging        | 3 |  3.9
Spellcasting   | 3 |  3.8
Hexes          | 4 |  4.5
Stealth        | 5 |  5.6
Short Blades   | 2 |  2.5

Action                     |  1- 3 |  4- 6 || total
---------------------------+-------+-------++-------
  Melee: Dagger            |    19 |       ||    19
         Short sword       |    44 |    77 ||   121
   Stab: Sleeping          |    14 |     5 ||    19
         Distracted        |       |     1 ||     1
 Armour: Robe              |    11 |    20 ||    31
  Dodge: Dodged            |    29 |    57 ||    86

Table legend: (Time is in decaauts)
 A = Elapsed time spent in this place.
 B = Non-inter-level travel time spent in this place.
 C = Inter-level travel time spent in this place.
 D = Time resting spent in this place.
 E = Time spent auto-exploring this place.
 F = Levels seen in this place.
 G = Mean time per level.
                   A        B        C        D        E       F      G
               +--------+--------+--------+--------+--------+-----+--------+
         Total |   1637 |   1603 |     34 |    151 |   1116 |   4 |  409.2 |
       Dungeon |   1637 |   1603 |     34 |    151 |   1116 |   4 |  409.2 |
               +--------+--------+--------+--------+--------+-----+--------+

Top non-repeatable levels by time:
     D:3: 650 daAuts
     D:2: 439 daAuts
     D:1: 368 daAuts
     D:4: 179 daAuts
